 Dungeon Crawl Stone Soup version 0.26-b1-32-g5d43845318 (webtiles) character file.

Game seed: 4600857535631506635

7616 Arthanis the Cleaver (level 11, -7/72 HPs)
             Began as a Gargoyle Berserker on Jan 10, 2021.
             Was an Elder of Trog.
             Killed by refrigeration
             ... invoked by Fannar
              (21 damage)
             ... on level 10 of the Dungeon.
             The game lasted 00:09:49 (8408 turns).

Arthanis the Cleaver (Gargoyle Berserker)           Turns: 8408, Time: 00:09:49

Health: -7/72      AC: 24    Str: 22    XL:     11   Next: 18%
Magic:  11/11      EV:  9    Int: 10    God:    Trog [****..]
Gold:   218        SH:  0    Dex:  9    Spells: 10/10 levels left

rFire    + . .     SeeInvis +   b - +0 war axe
rCold    . . .     Faith    .   (no shield)
rNeg     + . .     Spirit   .   x - +0 chain mail
rPois    ∞         Reflect  .   M - +1 hat {SInv}
rElec    +         Harm     .   f - +2 cloak
rCorr    +         Rampage  .   (no gloves)
Will     ++...                  J - +0 pair of boots
Stlth    ..........             D - amulet of regeneration
HPRegen  1.62/turn              e - ring of resist corrosion
MPRegen  0.12/turn              K - ring of protection from fire

@: berserk cooldown, regenerating, slowed, very slow
A: negative energy resistance 1, electricity resistance, unbreathing,
petrification resistance, miasma immunity, AC +8
a: Renounce Religion, Berserk, Trog's Hand, Brothers in Arms


You were on level 10 of the Dungeon.
You worshipped Trog.
Trog was greatly pleased with you.
You visited 1 branch of the dungeon, and saw 10 of its levels.

You collected 568 gold pieces.
You spent 350 gold pieces at shops.

Inventory:

Hand Weapons
 a - the +0 mace of Girghuotu {vorpal, +Fly Str+6 Dex-3 Stlth+}
   (You found it on level 8 of the Dungeon)

   It inflicts extra damage upon your enemies.
   It affects your strength (+6).
   It affects your dexterity (-3).
   It lets you fly.
   It makes you more stealthy.
 b - a +0 war axe (weapon)
 k - a +3 quarterstaff of chaos
 u - a +2 vorpal trident
 E - a +0 hand axe
Armour
 f - a +2 cloak (worn)
 m - a +0 scale mail
 x - a +0 chain mail (worn)
 B - a +0 animal skin
 J - a +0 pair of boots (worn)
 M - a +1 hat of see invisible (worn)
Jewellery
 e - a ring of resist corrosion (left hand)
 h - an uncursed ring of magical power
 y - an uncursed ring of positive energy
 D - an amulet of regeneration (around neck)
 K - a ring of protection from fire (right hand)
Wands
 j - a wand of disintegration (29)
 l - a wand of acid (5)
 o - a wand of iceblast (10)
 w - a wand of polymorph (8)
 F - a wand of paralysis (12)
Scrolls
 c - 9 scrolls of remove curse
 g - 2 scrolls of enchant weapon
 i - 4 scrolls of magic mapping
 r - a scroll of enchant armour
 t - 13 scrolls of identify
 v - 4 scrolls of teleportation
 A - a scroll of fog
 L - a scroll of vulnerability {unknown}
Potions
 d - 2 potions of invisibility
 n - 2 potions of brilliance
 p - 4 potions of cancellation
 q - a potion of flight
 s - 2 potions of might
 z - 2 potions of ambrosia
 C - a potion of lignification
 G - a potion of haste
 H - a potion of mutation
 I - a potion of berserk rage {unknown}


   Skills:
 + Level 10.2 Fighting
 * Level 11.5 Axes
 - Level 8.0 Armour
 - Level 2.0 Dodging
 - Level 2.1 Evocations


You had 10 spell levels left.
You didn't know any spells.
Your spell library was empty.

Dungeon Overview and Level Annotations

Branches:
Dungeon (10/15)            Temple (0/1) D:5
   Lair: D:8-11         Orc: D:9-12

Altars:
Kikubaaqudgha
Ru

Shops:
D:6 =   D:8 !   D:9 :

Annotations:
D:8 Maurice
D:10 Fannar


Innate Abilities, Weirdness & Mutations

You are resistant to torment.
Your stone body is resilient. (AC +8)
You are immune to poison.
You resist negative energy. (rN+)
You are resistant to electric shocks. (rElec)
You can survive without breathing.
You are immune to petrification.
You are immune to miasma.


Message History

Fannar is severely wounded.
You hit Fannar.
Fannar is severely wounded.
You are no longer berserk.
You are exhausted.
You feel as though you will be slow longer.
Fannar gestures wildly while chanting.
Fannar blinks!
Your skin crawls.
You feel strong-willed.
You closely miss Fannar.
Fannar is severely wounded.
Fannar hits you but does no damage. Fannar freezes you!
* * * LOW HITPOINT WARNING * * *
You completely miss Fannar.
Fannar is severely wounded.
Fannar mumbles some strange words.
Fannar drains the heat from the surrounding environment!
You feel very cold.
You die...

......##.#
......##.#######
#######........#
#........#
######........#
#.............#
##.####........###
#..# #..†.....e.#
..## ###.######@#
.## #..# #..#
########..# ##.#
....##....# .#
###....##.# ..
#...####.# #.#
#...####.# .#
##.#....#.# ..
#..####.#[#


You could see Fannar (icy armour).

Vanquished Creatures
  Gastronok (D:10)
  Snorg (D:10)
  Erolcha (D:10)
  Erica (D:8)
  A two-headed ogre (D:8)
  A troll (D:10)
  4 ice beasts
  2 phantoms
  3 orc warriors
  5 sky beasts
  A black bear (D:9)
  2 ogres
  A centaur (D:8)
  2 bullfrogs
  A big kobold (D:7)
  2 scorpions
  A howler monkey (D:7)
  2 centaur zombies (D:7)
  A quasit (D:7)
  4 orc priests
  3 jellies (D:9)
  Crazy Yiuf (D:2)
  A bullfrog skeleton (D:9)
  Natasha (D:2)
  A gnoll shaman (D:8)
  5 orc wizards
  9 worker ants
  3 iguanas
  A hound zombie (D:8)
  3 hound skeletons
  3 worker ant zombies
  6 gnolls
  6 adders
  2 shadow imps
  3 white imps
  An ufetubus (D:7)
  2 oozes (D:1)
  2 worms
  4 dart slugs
  8 leopard geckos
  25 orcs
  7 giant cockroaches
  3 hobgoblins
  6 jackals
  2 quokkas
  2 ball pythons
  11 bats
  5 frilled lizards
  7 goblins
  A jackal zombie (D:7)
  10 kobolds
  8 rats
189 creatures vanquished.

Notes
Turn   | Place    | Note
-------+----------+-------------------------------------------
     0 | D:1      | Arthanis the Gargoyle Berserker began the quest for the
                  | Orb.
     0 | D:1      | Reached XP level 1. HP: 14/14 MP: 1/1
   250 | D:1      | Reached XP level 2. HP: 17/19 MP: 2/2
   384 | D:1      | Reached skill level 3 in Axes
   652 | D:1      | Reached XP level 3. HP: 18/23 MP: 3/3
  1222 | D:2      | Reached ** piety under Trog
  1338 | D:2      | Found a runed translucent door.
  1339 | D:2      | Noticed Crazy Yiuf
  1352 | D:2      | Killed Crazy Yiuf
  1353 | D:2      | Reached XP level 4. HP: 29/29 MP: 4/4
  1650 | D:2      | Noticed Natasha
  1665 | D:2      | Killed Natasha
  2110 | D:3      | Reached XP level 5. HP: 33/33 MP: 5/5
  2213 | D:3      | Reached skill level 4 in Axes
  3094 | D:4      | Reached XP level 6. HP: 15/39 MP: 6/6
  3289 | D:4      | Noticed an ice beast
  3299 | D:4      | Killed an ice beast
  3360 | D:4      | Reached skill level 5 in Axes
  3655 | D:4      | Found an ancient bone altar of Kikubaaqudgha.
  3742 | D:4      | Reached *** piety under Trog
  4008 | D:5      | Entered Level 5 of the Dungeon
  4017 | D:5      | Reached skill level 5 in Fighting
  4017 | D:5      | Reached XP level 7. HP: 44/44 MP: 7/7
  4764 | D:5      | Found a staircase to the Ecumenical Temple.
  5059 | D:6      | Reached skill level 6 in Axes
  5059 | D:6      | Reached skill level 5 in Armour
  5208 | D:6      | Reached XP level 8. HP: 51/51 MP: 8/8
  5214 | D:6      | Found Athid's Jewellery Boutique.
  6112 | D:7      | Reached skill level 7 in Axes
  6297 | D:7      | Found a sacrificial altar of Ru.
  6486 | D:7      | Reached skill level 1 in Evocations
  6592 | D:7      | Reached XP level 9. HP: 53/56 MP: 9/9
  6691 | D:7      | Reached **** piety under Trog
  6912 | D:8      | Noticed Erica
  6937 | D:8      | Killed Erica
  6938 | D:8      | Reached skill level 8 in Axes
  6956 | D:8      | Noticed Maurice
  6961 | D:8      | Noticed a two-headed ogre
  6968 | D:8      | Identified the +0 mace of Girghuotu {vorpal, +Fly Str+6
                  | Dex-3 Stlth+}
  6977 | D:8      | Killed a two-headed ogre
  6978 | D:8      | Reached skill level 9 in Axes
  6978 | D:8      | Reached XP level 10. HP: 64/64 MP: 10/10
  7028 | D:8      | Found Hiac's Distillery.
  7036 | D:8      | Bought a potion of invisibility for 80 gold pieces
  7036 | D:8      | Bought a potion of degeneration for 10 gold pieces
  7036 | D:8      | Bought a potion of haste for 100 gold pieces
  7036 | D:8      | Bought a potion of mutation for 80 gold pieces
  7036 | D:8      | Bought a potion of ambrosia for 80 gold pieces
  7522 | D:9      | Found Wadwacze's Book Shop.
  7942 | D:10     | Entered Level 10 of the Dungeon
  7942 | D:10     | Noticed Erolcha
  8014 | D:10     | Paralysed by Erolcha for 5 turns
  8024 | D:10     | Paralysed by Erolcha for 4 turns
  8029 | D:10     | Killed Erolcha
  8030 | D:10     | Reached skill level 10 in Axes
  8240 | D:10     | Noticed Snorg
  8250 | D:10     | Killed Snorg
  8320 | D:10     | Noticed Gastronok
  8333 | D:10     | Killed Gastronok
  8334 | D:10     | Reached skill level 10 in Fighting
  8334 | D:10     | Reached skill level 11 in Axes
  8334 | D:10     | Reached XP level 11. HP: 72/72 MP: 11/11
  8389 | D:10     | Noticed Fannar
  8408 | D:10     | Killed from afar by Fannar

Illustrated notes

Levels and vault maps discovered:
D:1:      minmay_arrival_loop, layout_basic
D:2:      layout_loops_ring, uniq_crazy_yiuf_cottage, uniq_natasha
D:3:      layout_loops_corners, kennysheep_generic_room_8
D:4:      layout_basic, overflow_temple_1_default
D:5:      layout_loops_ring, minmay_temple_entry_statues_pillars
D:6:      layout_rooms, serial_shops, nicolae_shop_crystal
D:7:      layout_loops_ring, nicolae_benzene_ring, nicolae_ru_awakened_eye
D:8:      layout_loops_ring, serial_shops,
          nicolae_shop_competitors_out_of_business, uniq_maurice, uniq_erica
D:9:      layout_big_octagon, serial_shops, shop_statue
D:10:     layout_rooms, wad_rectangle_vault, uniq_maggie, uniq_erolcha,
          uniq_snorg, uniq_gastronok, uniq_fannar

Skill      XL: |  1  2  3  4  5  6  7  8  9 10 |
---------------+-------------------------------+-----
Axes           | 3 4 5 6 7 9 11 | 11.5
Dodging        | 2 |  2.0
Armour         | 3 4 5 6 7 8 |  8.0
Fighting       | 4 5 6 8 10 | 10.2
Evocations     | 1 2 |  2.1

Action                   |  1- 3 |  4- 6 |  7- 9 | 10-12 || total
-------------------------+-------+-------+-------+-------++-------
Melee: Hand axe          |   102 |   257 |   174 |       ||   533
       War axe           |       |       |   177 |   175 ||   352
Invok: Berserk           |     1 |     4 |     7 |     6 ||    18
       Trog's Hand       |       |       |     2 |     4 ||     6
  Use: Scroll            |       |       |    14 |     1 ||    15
Armor: Animal skin       |    32 |     4 |       |       ||    36
       Scale mail        |       |   142 |       |       ||   142
       Chain mail        |       |     1 |   262 |   118 ||   381
Dodge: Dodged            |    66 |   141 |   171 |    50 ||   428
